 Dungeon Crawl Stone Soup version 0.29-a0-824-gd827844252 (webtiles) character file.

Game seed: 14098623796168885980

2935 buhh the Ducker (level 9, -6/75 HPs)
             Began as an Octopode Transmuter on July 9, 2022.
             Mangled by a hornet (8 damage)
             ... on level 7 of the Dungeon.
             The game lasted 00:10:57 (10685 turns).

buhh the Ducker (Octopode Transmuter)              Turns: 10685, Time: 00:10:57

Health: -6/75      AC:  7    Str: 10    XL:     9   Next: 80%
Magic:  9/12       EV: 12    Int: 19    God:
Gold:   710        SH:  0    Dex: 12    Spells: 2/12 levels left

rFire   x . .      SeeInvis .     - Unarmed
rCold   + + +      Faith    .   (shield currently unavailable)
rNeg    . . .      Spirit   .   (helmet currently unavailable)
rPois   +          Reflect  .   q - amulet of the acrobat
rElec   .          Harm     .   (no ring)
rCorr   .          Rampage  .   (no ring)
Will    .....                   (no ring)
Stlth   ++........              (no ring)
HPRegen 0.22/turn               (no ring)
MPRegen 0.13/turn               (no ring)
                                (no ring)
                                (no ring)

@: lethally poisoned (-6 -> -7), ice-form
A: freezing attack, boosted hp, almost no armour, amphibious, 8 rings, large,
(camouflage 1), (gelatinous body 1), (nimble swimmer 1), (tentacles)
a: End Transformation


You were on level 7 of the Dungeon.
You were a creature of crystalline ice.
You visited 2 branches of the dungeon, and saw 9 of its levels.
You also visited: Ossuary.

You collected 1119 gold pieces.
You spent 409 gold pieces at shops.

Inventory:

Missiles
 h - 10 poisoned darts
Magical Staves
 m - a staff of air
 o - a staff of poison
Jewellery
 q - an amulet of the acrobat (around neck)
Wands
 k - a wand of flame (20)
 t - a wand of charming (9)
 B - a wand of iceblast (6)
Scrolls
 a - 2 scrolls of brand weapon {unknown}
 b - 3 scrolls of immolation {!d}
 d - 2 scrolls of enchant armour
 i - 3 scrolls of teleportation {!d}
 j - 2 scrolls of blinking {unknown}
 l - 4 scrolls of fog
 r - a scroll of amnesia
 v - a scroll of fear {!r}
 y - a scroll of identify {!d}
Potions
 c - a potion of heal wounds {!q!d}
 e - 2 potions of mutation {unknown}
 f - 2 potions of degeneration
 g - a potion of attraction {unknown}
 n - a potion of resistance {unknown}
 p - 3 potions of haste {unknown}
 s - a potion of curing {unknown}
 u - a potion of might {unknown}
 w - a potion of invisibility {unknown}
 x - a potion of berserk rage {unknown}
 z - a potion of ambrosia {unknown}
 A - a potion of flight {unknown}


   Skills:
 * Level 6.4 Fighting
 * Level 6.4 Dodging
 - Level 3.0 Stealth
 * Level 6.4 Unarmed Combat
 - Level 2.0 Spellcasting
 - Level 5.0 Transmutations
 * Level 5.5 Ice Magic
 - Level 2.0 Poison Magic


You had 2 spell levels left.
You knew the following spells:

 Your Spells              Type           Power      Damage    Failure   Level
a - Beastly Appendage     Tmut           40%        N/A       2%          1
b - Wereblood             Tmut           20%        N/A       3%          2
c - Spider Form           Tmut/Pois      15%        N/A       12%         3
d - Ice Form              Ice/Tmut       21%        N/A       19%         4

Your spell library contained the following spells:

 Spells                   Type           Power      Damage    Failure   Level
 Magic Dart               Conj           4%         1d3       17%         1
 Searing Ray              Conj           2%         2d4       26%         2
 Corpse Rot               Necr/Pois/Air  4%         N/A       78%         4
 Dispel Undead            Necr           1%         3d6       86%         4
 Fulminant Prism          Conj/Hex       0%         3d6       86%         4
 Death Channel            Necr           0%         N/A       100%        6


Dungeon Overview and Level Annotations

Branches:
Dungeon (8/15) Zot: 26067  Temple (1/1) D:4 Zot: 5890 Ossuary (visited)
   Lair: D:8-11

Altars:
Ashenzari
Dithmenos
Elyvilon
Fedhas
Gozag
Hepliaklqana
Kikubaaqudgha
Nemelex Xobeh
Okawaru
Qazlal
Ru
Sif Muna
Trog
Uskayaw
Vehumet
Wu Jian
Xom
Yredelemnul
Zin
The Shining One

Shops:
D:3 :   D:5 *   D:7 (*

Annotations:
D:6 1 exclusion
D:7 1 transporter, 1 exclusion, Menkaure; jlumianski's ghost, novice DsFi


Innate Abilities, Weirdness & Mutations

You are a creature of crystalline ice.
You have a powerful freezing melee attack.
Your maximum health is increased.
Your armour is entirely melded.
You are incapable of wielding weapons or throwing items.
You cannot wear most types of armour.
You are amphibious.
You can wear up to eight rings at the same time.
((Your skin changes colour to match your surroundings (Stealth+).))
((Your rubbery body absorbs attacks. (AC +1, EV +1)))
((You are camouflaged when in or above water. (Stealth+)))
((You have tentacles for arms and can constrict up to eight enemies at once.))


Message History

A - a glowing ruby potion
Found Xoothromu's Elemental Accessories.
There is an entrance to Xoothromu's Elemental Accessories here.
B - a wand of iceblast (6) Thank you for shopping at Xoothromu's Elemental Accessories!
A hornet is nearby!
A hornet is nearby!
A hornet is nearby!
A hornet is nearby!
You turn into a creature of crystalline ice.
The hornet buzzes angrily.
The hornet stings you.
You are poisoned.
You feel yourself slow down.
You hit the hornet but do no damage.
You feel very sick. The hornet closely misses you. The hornet stings you!
You feel as though you will be slow longer.
You closely miss the hornet.
You feel sick. The hornet stings you. The hornet stings you!
You punch the hornet! You freeze the hornet.
The hornet is severely wounded.
You feel sick. The hornet stings you! The hornet barely misses you.
You are too injured to fight recklessly!
You hit the hornet. You freeze the hornet.
The hornet is almost dead.
You feel yourself speed up.
You feel sick. The hornet stings you!
* * * LOW HITPOINT WARNING * * *
The hornet stings you!
* * * LOW HITPOINT WARNING * * *
You barely miss the hornet.
The hornet is almost dead.
You feel sick. The hornet stings you!
* * * LOW HITPOINT WARNING * * *
You barely miss the hornet.
The hornet is almost dead.
* * * LOW HITPOINT WARNING * * *
You feel sick. The hornet stings you!
You die...

#............# . #.......
#....#8..8#.##### ####...≈...
#©..###..##..##.. ##..........
#..........<.##.# ####..##.≈.∩.§.
#...#........##.###....###.......
#.........#...#.#...#### #...#...
#...##....#.......### ##.......
....##....#.......## #........
...............#Y..# ##.#######
..####.......#.#y#.## #..#
#......#.........# #.##
#..######.#....#### #.# ...#
##...[..# ####.#### M!##
####..#[..#####.......# .
#.....>.#....y........# #
#.##..###.#####.......# #
.####.##.)# #.............#


You could see a hornet.

Vanquished Creatures
  Eustachio (D:6)
  Edmund (D:5)
  2 orc warriors (D:8)
  2 ice beasts
  3 black bears
  An ogre (D:5)
  A centaur (D:5)
  A kobold brigand (D:6)
  2 bullfrogs
  A scorpion (D:5)
  A necrophage (D:7)
  2 gnoll sergeants
  A jelly (D:6)
  An electric eel (D:6)
  An orc priest (D:5)
  A hound (D:6)
  A gnoll bouda (D:5)
  2 iguanas (D:5)
  Jessica (D:2)
  Ijyb (D:4)
  3 orc wizards
  2 mummies
  14 gnolls
  7 adders
  A shadow imp (D:7)
  2 white imps (D:7)
  2 ufetubi
  6 worms
  A dart slug (D:3)
  11 orcs
  6 ball pythons
  7 bats
  8 endoplasms
  A giant cockroach (D:3)
  5 goblins
  7 hobgoblins
  4 jackals (D:2)
  8 kobolds
  3 quokkas
  4 frilled lizards
  A goblin zombie (D:6)
  4 hobgoblin zombies
  4 rats
138 creatures vanquished.

Vanquished Creatures (collateral kills)
  Maggie (D:7)
  Grinder (D:5)
  Blork the orc (D:6)
  2 centaur zombies (Ossuary)
  A jelly (D:7)
  4 mummies (Ossuary)
  An adder (D:4)
  An endoplasm (D:4)
  A hobgoblin zombie (Ossuary)
13 creatures vanquished.

Vanquished Creatures (others)
  11 plants
11 creatures vanquished.

Grand Total: 162 creatures vanquished

Notes
Turn   | Place    | Note
-------+----------+-------------------------------------------
     0 | D:1      | buhh the Octopode Transmuter began the quest for the Orb.
     0 | D:1      | Reached XP level 1. HP: 13/13 MP: 3/3
   436 | D:1      | Reached XP level 2. HP: 10/18 MP: 3/5
   831 | D:1      | Reached XP level 3. HP: 12/23 MP: 4/6
  2206 | D:2      | Noticed Jessica
  2215 | D:2      | Reached XP level 4. HP: 25/29 MP: 7/7
  2233 | D:2      | Killed Jessica
  2906 | D:2      | Reached XP level 5. HP: 19/35 MP: 8/8
  3548 | D:3      | Found Juxkuisorch's Book Boutique.
  3627 | D:3      | Found a faded altar of an unknown god.
  4036 | D:3      | Identified a scroll of acquirement
  4036 | D:3      | Acquired 826 gold pieces
  4347 | D:3      | Learned a level 2 spell: Wereblood
  4351 | D:3      | Learned a level 3 spell: Spider Form
  4642 | D:4      | Reached XP level 6. HP: 18/41 MP: 3/9
  4984 | D:4      | Found a staircase to the Ecumenical Temple.
  4998 | Temple   | Entered the Ecumenical Temple
  5568 | D:4      | Noticed Ijyb
  5925 | D:4      | Killed Ijyb
  6106 | D:5      | Entered Level 5 of the Dungeon
  6129 | D:5      | Noticed Edmund
  6139 | D:5      | Killed Edmund
  6503 | D:5      | Reached skill level 5 in Unarmed Combat
  6503 | D:5      | Reached XP level 7. HP: 46/47 MP: 10/10
  7311 | D:5      | Found Nigoru's General Store.
  7316 | D:5      | Bought a scroll of summoning for 104 gold pieces
  7316 | D:5      | Bought a scroll of amnesia for 38 gold pieces
  7316 | D:5      | Bought a scroll of poison for 38 gold pieces
  7316 | D:5      | Bought a scroll of teleportation for 33 gold pieces
  7316 | D:5      | Bought a wand of charming (4) for 66 gold pieces
  7354 | D:5      | Noticed Grinder
  7376 | D:5      | Killed Grinder
  7377 | D:5      | Reached skill level 5 in Dodging
  7377 | D:5      | Reached XP level 8. HP: 14/54 MP: 7/11
  7640 | D:5      | Reached skill level 5 in Fighting
  7975 | D:6      | Found a sand-covered staircase.
  8058 | D:6      | Noticed Blork the orc
  8068 | D:6      | Killed Blork the orc
  8074 | Ossuary  | Entered an ossuary
  8839 | D:6      | Reached XP level 9. HP: 59/62 MP: 7/12
  8890 | D:6      | Found a white marble altar of Elyvilon.
  8994 | D:6      | Noticed a two-headed ogre
  9086 | D:6      | Noticed Eustachio
  9103 | D:6      | Killed Eustachio
  9395 | D:7      | Noticed Maggie
  9408 | D:7      | Killed Maggie
  9422 | D:7      | Noticed Menkaure
  9428 | D:7      | Reached skill level 5 in Transmutations
  9477 | D:7      | Found Haibeq Dywe's Weapon Shop.
  9592 | D:7      | Reached skill level 5 in Ice Magic
 10444 | D:7      | Noticed a hornet
 10537 | D:7      | Found a transporter.
 10545 | D:7      | Noticed a troll
 10558 | D:7      | Learned a level 4 spell: Ice Form
 10562 | D:7      | Noticed jlumianski's ghost (novice DsFi)
 10648 | D:7      | Found Xoothromu's Elemental Accessories.
 10655 | D:7      | Bought a wand of iceblast (6) for 130 gold pieces
 10684 | D:7      | HP: 2/75 [hornet (7)]
 10685 | D:7      | Mangled by a hornet

Illustrated notes

Levels and vault maps discovered:
D:1:      tarquinn_simple_flora_water_b, layout_loops_ring,
          nicolae_figureground_pulse
D:2:      layout_rooms, uniq_jessica
D:3:      layout_loops_cross, serial_shops, shop,
          dreamdust_ecumenical_altar_sealed_demon
D:4:      layout_rooms, minmay_temple_entry_hall, serial_co_window_serial,
          co_window_of_opportunity_a, co_window_paths_b, co_window_paths_b,
          co_window_corner_a, co_window_of_opportunity_a, co_window_corner_b,
          co_window_corner_ca, co_window_corner_b, co_window_corner_ca,
          co_window_unsneaky_path_e, co_window_sun, co_window_paths_d,
          solitary_fountain, nrook_mini_backslash, uniq_ijyb
D:5:      layout_basic, serial_shops, kennysheep_little_box, chequers_big_river,
          kennysheep_generic_room_3, uniq_edmund, uniq_grinder
D:6:      layout_basic, nicolae_elyvilon_temple_path,
          nicolae_ossuary_entry_giza, uniq_eustachio, uniq_blork_the_orc
D:7:      layout_rooms, gammafunk_ghost_arena, serial_shops, shop, shop,
          nicolae_elemental_shop, st_stairs_6, uniq_menkaure, uniq_maggie
D:8:      layout_basic, grunt_decor_one_mirror, uniq_grum
Temple:   compressed_dpeg_triangle_lava_temple

Skill      XL: |  1  2  3  4  5  6  7  8  9 |
---------------+----------------------------+-----
Stealth        | 1 2 3 |  3.0
Poison Magic   | 1 2 |  2.0
Fighting       | 2 3 4 6 |  6.4
Dodging        | 3 4 5 6 |  6.4
Unarmed Combat | 4 5 6 |  6.4
Ice Magic      | 2 5 |  5.5
Transmutations | 3 5 |  5.0
Spellcasting   | |  2.0

Action                   |  1- 3 |  4- 6 |  7- 9 || total
-------------------------+-------+-------+-------++-------
Melee: Unarmed           |    83 |   136 |   193 ||   412
       Constrict         |    19 |    21 |    14 ||    54
       Kick              |    24 |    32 |     9 ||    65
       Punch             |     1 |     5 |     3 ||     9
       Tentacles         |    12 |    14 |    21 ||    47
 Cast: Beastly Appendage |    26 |    34 |    23 ||    83
       Spider Form       |       |     3 |    20 ||    23
       Wereblood         |       |       |     5 ||     5
       Ice Form          |       |       |     1 ||     1
Evoke: Wand              |       |       |     9 ||     9
  Use: Potion            |       |     3 |     4 ||     7
       Scroll            |       |    11 |     9 ||    20
 Stab: Sleeping          |     9 |     6 |     1 ||    16
Armor: Skin              |    10 |    15 |    15 ||    40
Dodge: Dodged            |    51 |    83 |   191 ||   325

Table legend: (Time is in decaauts)
 A = Elapsed time spent in this place.
 B = Non-inter-level travel time spent in this place.
 C = Inter-level travel time spent in this place.
 D = Time resting spent in this place.
 E = Time spent auto-exploring this place.
 F = Levels seen in this place.
 G = Mean time per level.
                   A        B        C        D        E       F      G
               +--------+--------+--------+--------+--------+-----+--------+
         Total |  10654 |  10373 |    281 |   1971 |   7024 |  10 | 1065.4 |
       Dungeon |  10380 |  10112 |    268 |   1971 |   6873 |   8 | 1297.5 |
        Temple |    109 |     96 |     13 |      0 |     76 |   1 |  109.0 |
       Ossuary |    164 |    164 |      0 |      0 |     75 |   1 |  164.0 |
               +--------+--------+--------+--------+--------+-----+--------+

Top non-repeatable levels by time:
     D:1: 1905 daAuts
     D:5: 1847 daAuts
     D:4: 1742 daAuts
     D:6: 1574 daAuts
     D:2: 1292 daAuts
     D:3: 1042 daAuts
     D:7: 642 daAuts
     D:8: 334 daAuts
 Ossuary: 164 daAuts
  Temple: 109 daAuts
